 Dungeon Crawl Stone Soup version 0.18.1-8-gdd0e5ea (webtiles) character file.

40 Kenran the Ruffian (level 3, -8/34 HPs)
             Began as a Naga Monk on May 21, 2016.
             Mangled by a gnoll
             ... wielding a cursed -3 whip
              (10 damage)
             ... on level 1 of the Dungeon.
             The game lasted 00:03:58 (1128 turns).

Kenran the Ruffian (Naga Monk)                      Turns: 1128, Time: 00:03:59

Health: -8/34      AC:  2    Str: 14    XL:     3   Next: 50%
Magic:  3/3        EV: 10    Int: 10    God:
Gold:   55         SH:  0    Dex: 13    Spells: 0 memorised, 2 levels left

rFire  . . .     SeeInvis +       - Unarmed
rCold  . . .     Gourm    .     f - +0 leather armour
rNeg   . . .     Faith    .     (no shield)
rPois  +         Spirit   .     (no helmet)
rElec  .         Dismiss  .     (no cloak)
rCorr  .         Reflect  .     (no gloves)
SustAt .         Harm     .     (no barding)
MR     .....                    (no amulet)
Stlth  ++........               (no ring)
                                (no ring)

@: very slow, not resistant to hostile enchantments, unstealthy
A: see invisible, deformed body, poison resistance, slowness 2, slow metabolism
1, spit poison 2, AC +1
a: Spit Poison


You were on level 1 of the Dungeon.
You were not hungry.

You visited 1 branch of the dungeon, and saw 2 of its levels.

You collected 55 gold pieces.

Inventory:

Armour
 f - a +0 leather armour (worn)
Scrolls
 c - a scroll of remove curse {unknown}
 i - a scroll of identify {unknown}
Potions
 d - a potion of invisibility {unknown}
 e - a potion of curing {unknown}
Comestibles
 a - 4 fruits
 b - 2 bread rations
 g - a beef jerky


   Skills:
 - Level 3.0 Fighting
 - Level 2.4 Dodging
 - Level 3.0 Stealth
 + Level 5.2 Unarmed Combat


You had 2 spell levels left.
You didn't know any spells.

Dungeon Overview and Level Annotations

Branches:
Dungeon (2/15)

Altars:


Innate Abilities, Weirdness & Mutations

You cannot wear boots.
Your serpentine skin is tough (AC +1).
You have supernaturally acute eyesight.
Armour fits poorly on your strangely shaped body.
Your system is resistant to poisons.
You cover ground very slowly.
You have a slow metabolism.
You can spit poison.


Message History

There is a stone staircase leading down here.
You climb downwards.
The hobgoblin barely misses you. The gnoll barely misses you.
The gnoll hits you with a flail! The worm bites you.
The gnoll hits you with a whip. The hobgoblin barely misses you.
There is a stone staircase leading up, spattered with blood here.
Unknown command.
The kobold hits you with a dagger. The gnoll hits you with a flail!
* * * LOW HITPOINT WARNING * * *
The gnoll hits you but does no damage.
You climb upwards.
There is a stone staircase leading down here.
Drink which item? (? for menu, Esc to quit)
Okay, then.
You hit the gnoll.
The gnoll is heavily wounded.
The kobold hits you with a dagger.
* * * LOW HITPOINT WARNING * * *
The worm barely misses you. The gnoll hits you with a whip!
You die...

#....##...## #..#.#### ##.#
..#......## ##.#.# #.#
###..###..## #...# #.#
###..####..## #..## #.#
......####..####..# #.#
#.....#..........## #.#
#.......#######.g###### #.##
#.....### ##Kw....## #..#
#.....# #@####..####.# #.....#
##g#####..###.## #.....##
#.g....##..##.(# #.###.>###
##......###.###.##
#.####...#####........##...#..#
#...####...............###.##.#
....###....##..........# #.##.#
##......#######........# #.##.#
#....#### ###[....## #.##.#


You could see a worm, 2 gnolls, a hobgoblin and a kobold.

Vanquished Creatures
  3 oozes (D:1)
  A dart slug (D:1)
  A bat (D:1)
  6 goblins (D:1)
  6 hobgoblins
  2 jackals (D:1)
  2 kobolds (D:1)
  A rat (D:1)
22 creatures vanquished.

Notes
Turn   | Place    | Note
--------------------------------------------------------------
     0 | D:1      | Kenran the Naga Monk began the quest for the Orb.
     0 | D:1      | Reached XP level 1. HP: 21/21 MP: 1/1
    75 | D:1      | Reached XP level 2. HP: 23/28 MP: 2/2
   501 | D:1      | Reached XP level 3. HP: 34/34 MP: 3/3
   505 | D:1      | Reached skill level 5 in Unarmed Combat
  1128 | D:1      | Mangled by a gnoll

Skill      XL: |  1  2  3 |
---------------+----------+-----
Unarmed Combat | 5 |  5.2
Fighting       | |  3.0
Dodging        | |  2.4
Stealth        | |  3.0

Action                   || total
-------------------------++-------
Melee: Unarmed           ||    38
 Abil: Spit Poison       ||    15
 Stab: Sleeping          ||     2
  Eat: Chunk             ||     1
Armor: Leather armour    ||     7
Dodge: Dodged            ||    22
